 Dungeon Crawl Stone Soup version 0.26-a0-597-gb535b0901c (webtiles) character file.

Game seed: 2071478789618038084

(classic levelgen) 1383 EnegeticOcto the Chopper (level 8, 24/74 HPs)
             Began as a Deep Dwarf Fighter on Sept 1, 2020.
             Quit the game in an ossuary.
             The game lasted 00:01:25 (1525 turns).

EnegeticOcto the Chopper (Deep Dwarf Fighter)       Turns: 1525, Time: 00:01:26

Health: 24/74      AC:  7    Str: 23    XL:     8   Next: 40%
Magic:  0/0        EV:  8    Int:  8    God:
Gold:   144        SH: 10    Dex: 12    Spells: 7/7 levels left

rFire    . . .     SeeInvis .   a - +0 war axe
rCold    . . .     Faith    .   c - +0 kite shield
rNeg     . . .     Spirit   .   b - +0 scale mail
rPois    .         Reflect  .   (no helmet)
rElec    .         Harm     .   (no cloak)
rCorr    .                      (no gloves)
MR       +....                  (no boots)
Stlth    ..........             (no amulet)
HPRegen  0.00/turn              (no ring)
MPRegen  0.07/turn              (no ring)

@: non-regenerating
A: damage resistance, heal wounds, sense surroundings 1, no regeneration
a: Heal Wounds


You were in an ossuary.
You visited 1 branch of the dungeon, and saw 5 of its levels.
You also visited: Ossuary.

You collected 144 gold pieces.

Inventory:

Hand Weapons
 a - a +0 war axe (weapon)
Missiles
 i - a throwing net (quivered)
Armour
 b - a +0 scale mail (worn)
 c - a +0 kite shield (worn)
Scrolls
 e - a scroll of magic mapping {unknown}
 f - 2 scrolls of teleportation {unknown}
 g - a scroll of enchant weapon {unknown}
 k - 3 scrolls of identify {unknown}
 m - a scroll of amnesia {unknown}
 o - a scroll of immolation {unknown}
Potions
 d - a potion of might {@q3}
 h - a potion of curing {@q1}
 j - a potion of brilliance {unknown}
 l - 2 potions of heal wounds {unknown}
 n - a potion of haste {unknown}


   Skills:
 + Level 5.0 Fighting
 * Level 7.4 Axes
 + Level 6.0 Armour
 + Level 6.0 Shields


You had 7 spell levels left.
You didn't know any spells.
Your spell library was empty.

Dungeon Overview and Level Annotations

Branches:
Dungeon (5/15)            Ossuary (1/1)
 Temple: D:4-7

Altars:
Xom

Shops:
D:4 *


Innate Abilities, Weirdness & Mutations

You are resistant to damage.
You can heal yourself by infusing magical energy.
You passively map a small area around you.
You do not regenerate.


Message History

The worker ant is almost dead.
You block the worker ant's attack.
You hit the worker ant.
The worker ant is almost dead.
You block the worker ant's attack.
You hit the worker ant.
You kill the worker ant!
No target in view!
No target in view!
No target in view!
No target in view!
No target in view!
No target in view!
No target in view!
No target in view!
You now have 144 gold pieces (gained 9).
k - 3 scrolls labeled KUNKER GANT (gained 1)
Found 24 stones.
You hear the brisk hiss of a distant avalanche of sand.
You open the door.
Found a sand-covered staircase.
There is an open door here.
You open the door.
Found a spear.
There is an open door here.
An ogre comes into view. It is wielding a +0 giant club.
The ogre shouts!
You hear the brisk hiss of an avalanche of sand.
The ogre barely misses you.
Found 8 gold pieces.
You barely miss the ogre. The ogre barely misses you.
You slash the ogre!
The ogre is moderately wounded.
The ogre hits you with a +0 giant club!
You slash the ogre!
The ogre is severely wounded.
The ogre closely misses you.
You closely miss the ogre.
The ogre is severely wounded.
You block the ogre's attack.
You hit the ogre.
The ogre is severely wounded.
You block the ogre's attack.
You barely miss the ogre.
The ogre is severely wounded.
You barely miss the ogre.
The ogre is severely wounded.
The ogre hits you with a +0 giant club!!
You are too injured to fight recklessly!
You are too injured to fight recklessly!
You are too injured to fight recklessly!
You are too injured to fight recklessly!
You are too injured to fight recklessly!
You are too injured to fight recklessly!
You slash the ogre!
You kill the ogre!
Your Fighting skill increases to level 5!
Your Armour skill increases to level 6!
Your Shields skill increases to level 6!
You see here a +0 giant club.
Press: ? - help, . - travel You can't see that place. [a sand-covered staircase.]
There is an open door here.
There is a sand-covered staircase here.
The world spins around you as you enter the gateway.
You enter an ossuary!
Found four gates leading back out of this place.
There is an empty arch of ancient stone here.
There is a gate leading back out of this place here.
You open the door.
A mummy and 2 zombies come into view.
There is an open door here.
There are monsters nearby!
There are monsters nearby!
There are monsters nearby!
There are monsters nearby!
There are monsters nearby!
There are monsters nearby!
There are monsters nearby!
There are monsters nearby!
There are monsters nearby!
There are monsters nearby!
There are monsters nearby!
There are monsters nearby!
There are monsters nearby!
You are too injured to fight recklessly!
You are too injured to fight recklessly!
You are too injured to fight recklessly!
You are too injured to fight recklessly!
You are too injured to fight recklessly!
You are too injured to fight recklessly!
You are too injured to fight recklessly!
You are too injured to fight recklessly!
You are too injured to fight recklessly!
You are too injured to fight recklessly!
You are too injured to fight recklessly!
You are too injured to fight recklessly!
You are too injured to fight recklessly!
Are you sure you want to abandon this character and quit the game? (Confirm with "yes".)

###M###
##.....##
#.......#
Z....Z.
..... ... *
#.#* #@#
###.###
##.....## *
* ,
#.......# ,
##...∩...##
,
+...∩∩∩...+
,,
##...∩...##
, ,, ,*
#.......# *
, * , *
##.....## ,


You could see a mummy and 2 centaur zombies.

Vanquished Creatures
  Grinder (D:5)
  A hippogriff (D:4)
  Menkaure (D:4)
  A black bear (D:4)
  4 ogres
  Blork the orc (D:4)
  A water moccasin zombie (D:5)
  3 orc priests (D:4)
  A bullfrog skeleton (D:5)
  4 orc wizards (D:4)
  2 worker ants (D:5)
  4 adders
  A white imp (D:5)
  An ooze (D:2)
  2 worms
  A dart slug (D:1)
  5 orcs (D:4)
  2 giant cockroaches
  2 goblins (D:2)
  2 hobgoblins (D:2)
  A kobold (D:2)
  A quokka (D:4)
  2 bats (D:2)
  3 frilled lizards
  5 rats
52 creatures vanquished.

Notes
Turn   | Place    | Note
-------+----------+-------------------------------------------
     0 | D:1      | EnegeticOcto the Deep Dwarf Fighter began the quest for the
                  | Orb.
     0 | D:1      | Reached XP level 1. HP: 20/20 MP: 1/1
     6 | D:1      | Noticed a wyvern
     6 | D:1      | Noticed a crocodile
     6 | D:1      | Noticed a killer bee
     7 | D:1      | Noticed a water moccasin
   255 | D:2      | Reached XP level 2. HP: 27/27 MP: 2/2
   270 | D:2      | Reached skill level 3 in Axes
   270 | D:2      | Reached XP level 3. HP: 30/34 MP: 2/2
   311 | D:2      | Found a shimmering altar of Xom.
   491 | D:4      | HP: 1/34 [orc priest/divine providence (8)]
   495 | D:4      | Reached XP level 4. HP: 26/42 MP: 3/3
   522 | D:4      | Reached skill level 4 in Axes
   565 | D:4      | Noticed an ogre
   565 | D:4      | Noticed a hippogriff
   575 | D:4      | Killed an ogre
   575 | D:4      | Reached XP level 5. HP: 38/49 MP: 3/3
   591 | D:4      | Killed a hippogriff
   591 | D:4      | Reached skill level 5 in Axes
   591 | D:4      | Reached XP level 6. HP: 57/57 MP: 1/1
   665 | D:4      | Noticed Menkaure
   672 | D:4      | Killed Menkaure
   672 | D:4      | Reached XP level 7. HP: 34/64 MP: 2/2
   693 | D:4      | Reached skill level 5 in Armour
   694 | D:4      | Reached skill level 5 in Shields
   752 | D:4      | Found Qiriep's General Store.
   882 | D:4      | Reached skill level 6 in Axes
   903 | D:4      | Noticed Blork the orc
   917 | D:4      | Killed Blork the orc
  1107 | D:5      | Entered Level 5 of the Dungeon
  1243 | D:5      | Reached XP level 8. HP: 46/73 MP: 2/2
  1312 | D:5      | Noticed Grinder
  1328 | D:5      | Paralysed by Grinder for 4 turns
  1367 | D:5      | Killed Grinder
  1367 | D:5      | Reached skill level 7 in Axes
  1486 | D:5      | Found a sand-covered staircase.
  1506 | D:5      | Reached skill level 5 in Fighting
  1518 | Ossuary  | Entered an ossuary
  1525 | Ossuary  | Quit the game

Illustrated notes

Levels and vault maps discovered:
D:1:      onia_arrival_zoo_common, layout_basic, glass_columns_b
D:2:      layout_rooms, lemuel_crystal_altar, xom_butterflies, st_stairs_6,
          nrook_campfire
D:3:      layout_loops_ring, minmay_misc_feat_x, grunt_ministairs_11
D:4:      black_bear_nest_2, layout_gridville, serial_shops, kennysheep_mini,
          minmay_manual_maat, uniq_menkaure, uniq_blork_the_orc
D:5:      layout_loops_ring, nicolae_ossuary_entry_plus, minmay_shop_damaged,
          uniq_grinder
Ossuary:  ossuary_minmay_four_chambers

Skill      XL: |  1  2  3  4  5  6  7  8 |
---------------+-------------------------+-----
Fighting       | 3 4 5 |  5.0
Axes           | 3 4 5 6 7 |  7.4
Armour         | 4 5 6 |  6.0
Shields        | 4 5 6 |  6.0

Action                   |  1- 3 |  4- 6 |  7- 9 || total
-------------------------+-------+-------+-------++-------
Melee: War axe           |    64 |    43 |   117 ||   224
 Abil: Heal Wounds       |     2 |     7 |     9 ||    18
Armor: Scale mail        |    52 |    24 |    34 ||   110
Dodge: Dodged            |    21 |    19 |    29 ||    69
Block: Kite shield       |    39 |    23 |    54 ||   116

Table legend: (Time is in decaauts)
 A = Elapsed time spent in this place.
 B = Non-inter-level travel time spent in this place.
 C = Inter-level travel time spent in this place.
 D = Time resting spent in this place.
 E = Time spent auto-exploring this place.
 F = Levels seen in this place.
 G = Mean time per level.
                   A        B        C        D        E       F      G
               +--------+--------+--------+--------+--------+-----+--------+
         Total |   1592 |   1532 |     60 |      0 |   1054 |   6 |  265.3 |
       Dungeon |   1586 |   1526 |     60 |      0 |   1049 |   5 |  317.2 |
       Ossuary |      6 |      6 |      0 |      0 |      5 |   1 |    6.0 |
               +--------+--------+--------+--------+--------+-----+--------+

Top non-repeatable levels by time:
     D:4: 659 daAuts
     D:5: 426 daAuts
     D:1: 217 daAuts
     D:2: 172 daAuts
     D:3: 109 daAuts
 Ossuary: 6 daAuts
